 Dungeon Crawl Stone Soup version 0.25.0-11-g1f837a76a1 (webtiles) character file.

Game seed: 9389034979119981531

19 Esekla the Ducker (level 2, 0/22 HPs)
             Began as a Deep Dwarf Fire Elementalist on June 25, 2020.
             Slain by a mummy (1 damage)
             ... in an ossuary.
             The game lasted 00:05:24 (675 turns).

Esekla the Ducker (Deep Dwarf Fire Elementalist)     Turns: 675, Time: 00:05:25

Health: 0/22       AC:  3    Str: 11    XL:     2   Next: 55%
Magic:  0/5        EV: 12    Int: 15    God:
Gold:   11         SH:  0    Dex: 13    Spells: 4/5 levels left

rFire    . . .     SeeInvis .   b - +0 dagger
rCold    . . .     Gourm    .   (no shield)
rNeg     . . .     Faith    .   e - +0 leather armour
rPois    .         Spirit   .   (no helmet)
rElec    .         Reflect  .   (no cloak)
rCorr    .         Harm     .   (no gloves)
MR       .....                  (no boots)
Stlth    ++........             (no amulet)
HPRegen  0.00/turn              (no ring)
MPRegen  0.09/turn              (no ring)

@: marked, very slightly contaminated, non-regenerating
A: damage resistance, heal wounds, sense surroundings 1, no regeneration
a: Heal Wounds


You were in an ossuary.
You were not hungry.

You visited 1 branch of the dungeon, and saw 3 of its levels.
You also visited: Ossuary.

You collected 11 gold pieces.

Inventory:

Hand Weapons
 b - a +0 dagger (weapon)
Armour
 a - a +0 robe
 e - a +0 leather armour (worn)
Potions
 d - a potion of stabbing {unknown}
Comestibles
 c - a ration


   Skills:
 * Level 0.5 Armour
 * Level 2.8 Dodging
 + Level 2.7 Stealth
 + Level 2.0 Spellcasting
 + Level 1.0 Conjurations
 - Level 2.6 Fire Magic


You had 4 spell levels left.
You knew the following spells:

 Your Spells              Type           Power        Failure   Level  Hunger
a - Foxfire               Conj/Fire      #...         14%         1    #......

Your spell library contained the following spells:

 Spells                   Type           Power        Failure   Level  Hunger
 Conjure Flame            Conj/Fire      #.......     38%         3    ###....
 Inner Flame              Hex/Fire       #.......     45%         3    ###....
 Sticky Flame             Conj/Fire      #.......     80%         4    #####..
 Fireball                 Conj/Fire      #.........   98%         5    ######.


Dungeon Overview and Level Annotations

Branches:
Dungeon (4/15)            Ossuary (1/1)
 Temple: D:4-7

Altars:


Innate Abilities, Weirdness & Mutations

You are resistant to damage.
You can heal yourself by infusing magical energy.
You passively map a small area around you.
You do not regenerate.


Message History

The mummy is severely damaged.
The foxfire hits the mummy!
The mummy is burned terribly!
You destroy the mummy!
Your Spellcasting skill increases to level 2!
Your Conjurations skill increases to level 1!
You have reached level 2!
The foxfire hits the mummy!
The mummy is burned terribly!
The mummy is moderately damaged.
The mummy pulls the alarm!
The alarm trap emits a blaring wail!
The mark upon you grows brighter.
Casting: Foxfire (safe; 14% risk of failure)
Confirm with . or Enter, or press ? or * to list all spells.
You miscast Foxfire.
You are very lightly contaminated with residual magic.
Nothing appears to happen.
The mummy misses you.
You hit the mummy but do no damage.
The mummy is moderately damaged.
The mummy hits you.
You die...

*
..⌠..
* ,
.....
, *
...,
*
...,
#'# *
* #.#
*
##.##
, *
#.MM#
,
#.@.#
#####


You could see 2 mummies.

Vanquished Creatures
  A mummy (Ossuary)
  An ooze (D:4)
  A quokka (D:4)
  A bat (D:2)
4 creatures vanquished.

Vanquished Creatures (others)
  17 foxfires
17 creatures vanquished.

Grand Total: 21 creatures vanquished

Notes
Turn   | Place    | Note
-------+----------+-------------------------------------------
     0 | D:1      | Esekla the Deep Dwarf Fire Elementalist began the quest for
                  | the Orb.
     0 | D:1      | Reached XP level 1. HP: 15/15 MP: 3/3
   149 | D:2      | You fall into a shaft and drop 2 floors!
   260 | D:4      | Found a sand-covered staircase.
   427 | D:4      | Noticed a worker ant
   434 | Ossuary  | Entered an ossuary
   672 | Ossuary  | Reached skill level 1 in Conjurations
   672 | Ossuary  | Reached XP level 2. HP: 1/22 MP: 1/5
   675 | Ossuary  | Slain by a mummy

Illustrated notes

Levels and vault maps discovered:
D:1:      wander_arrival_chamber, layout_rooms
D:2:      minmay_alternating_diamond, layout_loops_ring, old_standard_altar
D:4:      layout_loops_cross, enter_ossuary_3
Ossuary:  ossuary_crypta

Skill      XL: |  1 |
---------------+----+-----
Spellcasting   | 2 |  2.0
Conjurations   | 1 |  1.0
Armour         | |  0.5
Dodging        | |  2.8
Stealth        | |  2.7
Fire Magic     | |  2.6

Action                   || total
-------------------------++-------
Melee: Dagger            ||    13
 Cast: Foxfire           ||    10
 Abil: Heal Wounds       ||     1
Armor: Robe              ||    17
Dodge: Dodged            ||    41
